 Dungeon Crawl Stone Soup version 0.30-a0-1008-g30c9307041 (webtiles) character file.

Game seed: 17242098238245915368

3522 Newt the Markskobold (level 10, -5/64 HPs)
             Began as a Kobold Hunter on Apr 5, 2023.
             Was an Initiate of Hepliaklqana.
             Slain by a manticore (21 damage)
             ... on level 8 of the Dungeon.
             The game lasted 00:06:12 (8157 turns).

Newt the Markskobold (Kobold Hunter)                Turns: 8157, Time: 00:06:13

Health: -5/64      AC:  6    Str:  8    XL:     10   Next: 29%
Magic:  10/10      EV: 19    Int: 11    God:    Hepliaklqana [......]
Gold:   475        SH:  0    Dex: 23    Spells: 9/9 levels left

rFire   . . .      SeeInvis .    a - +3 shortbow
rCold   . . .      Faith    .    (shield currently unavailable)
rNeg    . . .      Spirit   .    h - +0 steam dragon scales
rPois   .          Reflect  .    (no helmet)
rElec   .          Rampage  .    (no cloak)
rCorr   .                        (no gloves)
Will    .....                    n - +0 pair of boots
Stlth   +++                      (no amulet)
HPRegen 0.30/turn                (no ring)
MPRegen 0.12/turn                (no ring)

@: spiked
A: small, no large weapons, nightstalker 3
a: Renounce Religion


You were on level 8 of the Dungeon.
You worshipped Hepliaklqana.
Hepliaklqana was noncommittal.
You visited 2 branches of the dungeon, and saw 9 of its levels.

You collected 475 gold pieces.

Inventory:

Hand Weapons
 a - a +3 shortbow (weapon)
Missiles
 e - 4 throwing nets
Armour
 c - a +0 leather armour
 h - +0 steam dragon scales (worn)
 n - a +0 pair of boots (worn)
Scrolls
 m - a scroll of amnesia
 o - 2 scrolls of teleportation
 q - a scroll of fog
 r - a scroll of identify
Potions
 b - a potion of degeneration
 d - a potion of mutation
 f - 2 potions of cancellation
 g - a potion of curing
 i - a potion of ambrosia
 j - 2 potions of haste {unknown}
 k - a potion of flight {unknown}
 l - 2 potions of heal wounds {unknown}
 p - a potion of might {unknown}


   Skills:
 - Level 8.0 Fighting
 + Level 15.3 Ranged Weapons
 - Level 6.0 Dodging
 - Level 1.3 Stealth


You had 9 spell levels left.
You didn't know any spells.
Your spell library contained the following spells:

 Spells                   Type           Power      Damage    Failure   Level
 Animate Dead             Necr           0%         N/A       98%         4
 Borgnjor's Vile Clutch   Necr/Erth      0%         N/A       100%        5
 Death Channel            Necr           0%         N/A       100%        6


Dungeon Overview and Level Annotations

Branches:
Dungeon (8/15)             Temple (1/1) D:7
   Lair: D:8-11

Altars:
Cheibriados
Dithmenos
Elyvilon
Fedhas
Gozag
Hepliaklqana
Kikubaaqudgha
Makhleb
Trog
Vehumet
Wu Jian
Zin

Shops:
D:7 =


Innate Abilities, Weirdness & Mutations

You are small and have problems with some larger weapons.
You are completely attuned to the shadows.


Message History

The troll shouts!
You shoot an arrow. The arrow hits the troll!
The troll is moderately wounded.
You shoot an arrow. The arrow closely misses the troll.
A manticore comes into view.
You shoot an arrow. The arrow hits the troll!
The troll is severely wounded.
The manticore flicks its tail.
The volley of spikes hits you!
The barbed spikes become lodged in your body.
You shoot an arrow. The arrow hits the troll.
The troll is severely wounded.
You shoot an arrow. The arrow hits the troll.
The troll is severely wounded.
The troll bites you! The troll closely misses you. The troll barely misses you.
Unknown command.
You shoot an arrow. The arrow closely misses the troll.
The troll barely misses you. The troll misses you.
The troll closely misses you.
You shoot an arrow. The arrow hits the troll!
The troll is almost dead.
The troll misses you. x2; The troll claws you!
Unknown command.
You shoot an arrow. The arrow hits the troll!
You kill the troll!
The manticore barely misses you. The manticore misses you. x2
Training target 15.0 for Ranged Weapons reached!
Your Ranged Weapons skill increases to level 15!
You need to enable at least one skill for training.
Unknown command.
You shoot an arrow. The arrow hits the manticore!
The manticore is moderately wounded.
You shoot an arrow. The arrow hits the manticore.
The manticore is moderately wounded.
The manticore bites you! The manticore claws you.
* * * LOW HITPOINT WARNING * * *
The manticore completely misses you.
You shoot an arrow. The arrow barely misses the manticore.
The manticore bites you!!
You die...

.. ###### ...
###....## ...#
####........
....######......<....
...†@........###..<..
...H.>######## ####..
...#### ### ..# ..


You could see a manticore.

Vanquished Creatures
  Pikel (D:6)
  Maggie (D:7)
  A troll (D:8)
  Prince Ribbit (D:6)
  Sigmund (D:4)
  Eustachio (D:6)
  A steam dragon (D:7)
  Menkaure (D:6)
  Duvessa (D:4)
  2 ice beasts
  2 phantoms
  2 bullfrogs
  5 scorpions
  Dowan (D:4)
  A howler monkey (D:7)
  2 hounds
  3 jellies
  2 gnoll boudas
  3 orc priests (D:7)
  A sleepcap (D:6)
  4 iguanas (D:4)
  3 orc wizards
  25 gnolls
  8 adders
  A white imp (D:6)
  2 worms (D:2)
  18 orcs
  8 endoplasms
  4 giant cockroaches
  7 goblins
  5 hobgoblins
  3 jackals (D:1)
  6 kobolds
  4 quokkas
  7 ball pythons
  6 bats
  5 frilled lizards
  3 rats
152 creatures vanquished.

Vanquished Creatures (others)
  A wizard (D:7)
1 creature vanquished.

Grand Total: 153 creatures vanquished

Notes
Turn   | Place    | Note
-------+----------+-------------------------------------------
     0 | D:1      | Newt the Kobold Hunter began the quest for the Orb.
     0 | D:1      | Reached XP level 1. HP: 12/12 MP: 1/1
    22 | D:1      | Reached XP level 2. HP: 19/19 MP: 2/2
   372 | D:1      | Reached XP level 3. HP: 23/23 MP: 3/3
   885 | D:2      | Found an opulent altar of Gozag.
   936 | D:2      | Reached XP level 4. HP: 30/30 MP: 4/4
  1249 | D:2      | Reached skill level 5 in Fighting
  1422 | D:2      | Reached XP level 5. HP: 35/35 MP: 5/5
  1799 | D:3      | Reached skill level 6 in Ranged Weapons
  2526 | D:3      | Reached skill level 7 in Ranged Weapons
  2703 | D:4      | Reached XP level 6. HP: 28/40 MP: 6/6
  3310 | D:4      | Found a snail-covered altar of Cheibriados.
  3338 | D:4      | Reached skill level 8 in Ranged Weapons
  3721 | D:4      | Noticed Dowan
  3723 | D:4      | Noticed Duvessa
  3741 | D:4      | Killed Dowan
  3742 | D:4      | Reached XP level 7. HP: 44/44 MP: 7/7
  3752 | D:4      | HP: 2/66 [Duvessa/+0 short sword (9)]
  3754 | D:4      | Killed Duvessa
  3755 | D:4      | Reached skill level 9 in Ranged Weapons
  4012 | D:4      | Identified the +3 mace of the Snake Pit {venom, rF+ SInv}
  4207 | D:4      | Noticed Sigmund
  4222 | D:4      | Killed Sigmund
  4223 | D:4      | Reached skill level 10 in Ranged Weapons
  4223 | D:4      | Reached XP level 8. HP: 35/49 MP: 8/8
  4608 | D:5      | Entered Level 5 of the Dungeon
  4619 | D:5      | Reached skill level 5 in Dodging
  4798 | D:5      | You fall into a shaft and drop 1 floor!
  4994 | D:6      | Noticed Menkaure
  4997 | D:6      | Killed Menkaure
  5174 | D:6      | Noticed Prince Ribbit
  5184 | D:6      | Killed Prince Ribbit
  5185 | D:6      | Reached XP level 9. HP: 43/59 MP: 9/9
  5249 | D:6      | Noticed Eustachio
  5265 | D:6      | Killed Eustachio
  5301 | D:6      | Reached skill level 11 in Ranged Weapons
  5707 | D:6      | Noticed Pikel
  5717 | D:6      | Killed Pikel
  5718 | D:6      | Reached skill level 12 in Ranged Weapons
  6146 | D:7      | Reached skill level 13 in Ranged Weapons
  6269 | D:7      | Found Unideuw's Jewellery Emporium.
  6447 | D:7      | Noticed Maggie
  6483 | D:7      | Killed Maggie
  6484 | D:7      | Reached skill level 14 in Ranged Weapons
  6484 | D:7      | Reached XP level 10. HP: 28/64 MP: 10/10
  6638 | D:7      | Found a staircase to the Ecumenical Temple.
  7109 | Temple   | Entered the Ecumenical Temple
  7255 | Temple   | Became a worshipper of Hepliaklqana the Forgotten
  7530 | D:7      | Found a blossoming altar of Fedhas.
  7720 | D:7      | Found a shadowy altar of Dithmenos.
  7735 | D:7      | Found a bloodstained altar of Trog.
  7738 | D:7      | Noticed a wizard
  7751 | D:7      | Killed a wizard
  8148 | D:8      | Noticed a manticore
  8155 | D:8      | Reached skill level 15 in Ranged Weapons
  8157 | D:8      | Slain by a manticore

Illustrated notes

Levels and vault maps discovered:
D:1:      dpeg_arrival_short_road, layout_loops_ring
D:2:      layout_rooms, basic_altar, nicolae_hexahallways, nrook_mini_vaults,
          kennysheep_crisscross
D:3:      layout_loops_corners, chequers_hall_statues_wall_a
D:4:      layout_rooms, cheibriados_altar_1, minmay_misc_feat_plants,
          grunt_ministairs_1, uniq_sigmund, uniq_duvessa
D:5:      layout_cave_pools, nicolae_qazlal_style_of_elements,
          mainiacjoe_overflow_big_doors, serial_shops, shop,
          nicolae_figureground_pulse
D:6:      layout_rooms, uniq_prince_ribbit1, uniq_pikel, uniq_menkaure,
          uniq_eustachio
D:7:      layout_basic, trog_wizard, grunt_dithmenos_shadows,
          old_standard_altar, minmay_temple_entry_arrows, serial_shops,
          kennysheep_little_box, uniq_maggie
D:8:      layout_layer_cave
Temple:   bh_familiar_temple

Skill      XL: |  1  2  3  4  5  6  7  8  9 10 |
---------------+-------------------------------+-----
Fighting       | 3 4 5 7 8 |  8.0
Ranged Weapons | 7 8 10 14 15 | 15.3
Dodging        | 4 6 |  6.0
Stealth        | |  1.3

Action                     |  1- 3 |  4- 6 |  7- 9 | 10-12 || total
---------------------------+-------+-------+-------+-------++-------
  Melee: Shortbow          |       |       |     2 |       ||     2
   Fire: Shortbow          |    53 |   166 |   259 |    54 ||   532
    Use: Scroll            |     3 |     5 |     3 |     5 ||    16
         Potion            |       |     3 |     4 |       ||     7
 Armour: Leather armour    |     2 |    15 |     8 |       ||    25
         Skin              |       |     4 |     8 |       ||    12
         Steam dragon scal |       |       |       |     2 ||     2
  Dodge: Dodged            |    16 |    77 |   109 |    31 ||   233

Table legend: (Time is in decaauts)
 A = Elapsed time spent in this place.
 B = Non-inter-level travel time spent in this place.
 C = Inter-level travel time spent in this place.
 D = Time resting spent in this place.
 E = Time spent auto-exploring this place.
 F = Levels seen in this place.
 G = Mean time per level.
                   A        B        C        D        E       F      G
               +--------+--------+--------+--------+--------+-----+--------+
         Total |   8199 |   7972 |    227 |   1671 |   5392 |   9 |  911.0 |
       Dungeon |   8035 |   7851 |    184 |   1671 |   5277 |   8 | 1004.4 |
        Temple |    163 |    120 |     43 |      0 |    115 |   1 |  163.0 |
               +--------+--------+--------+--------+--------+-----+--------+

Top non-repeatable levels by time:
     D:7: 1731 daAuts
     D:4: 1592 daAuts
     D:6: 1339 daAuts
     D:3: 1326 daAuts
     D:2: 921 daAuts
     D:1: 823 daAuts
     D:5: 192 daAuts
  Temple: 163 daAuts
     D:8: 110 daAuts
